 Dungeon Crawl Stone Soup version 0.31-a0-810-ga77100ea1a (webtiles) character file.

Game seed: 10202527940472254189

71189 LustLizard the Earth Mage (level 15, 0/96 HPs)
             Began as a Gargoyle Earth Elementalist on Sept 21, 2023.
             Was a High Priest of Vehumet.
             Slain by an ice dragon (4 damage)
             ... on level 5 of the Lair of Beasts.
             The game lasted 00:55:46 (22360 turns).

LustLizard the Earth Mage (GrEE)                   Turns: 22360, Time: 00:55:47

Health: 0/96       AC: 33    Str: 21    XL:     15   Next: 35%
Magic:  17/29      EV:  9    Int: 20    God:    Vehumet [*****.]
Gold:   1363       SH:  0    Dex: 10    Spells: 9/34 levels left

rFire   + . .        F - +10 mace "Qysar" {freeze, Will+}
rCold   . . .        (no shield)
rNeg    + . .        Y - +3 chain mail {rF+}
rPois   ∞            Q - +0 helmet
rElec   +            i - +0 cloak
rCorr   .            r - +1 pair of gloves
SInv    .            (no boots)
Will    ++...        y - amulet of magic regeneration Stlth
                     U - +6 ring of strength
HPRegen 0.36/turn    S - +4 ring of protection
MPRegen 0.61/turn

%: no passive effects
@: flying
A: sickness immunity, AC +11, big wings, negative energy resistance 1,
electricity resistance, torment resistance 1, petrification resistance
a: Renounce Religion


You were on level 5 of the Lair of Beasts.
You worshipped Vehumet.
Vehumet was extremely pleased with you.
You visited 3 branches of the dungeon, and saw 18 of its levels.
You also visited: Sewer and Volcano.

You collected 1363 gold pieces.

Inventory:

Hand Weapons
 F - the +10 mace "Qysar" (weapon) {freeze, Will+}
   (You found it on level 6 of the Dungeon)

   Will+:     It increases your willpower.
Missiles
 x - a throwing net
 A - 34 poisoned darts
 T - 5 curare-tipped darts
Armour
 i - a +0 cloak (worn)
 n - an orb of light
 o - a +3 leather armour of fire resistance
 r - a +1 pair of gloves (worn)
 u - the +1 leather armour "Juuhy" {+Inv rElec rF- Str+2}
   (You found it on level 4 of the Dungeon)

   Str+2:     It affects your strength (+2).
   rF-:       It makes you vulnerable to fire.
   rElec:     It insulates you from electricity.
   +Inv:      It lets you turn invisible.
 v - a scarf of invisibility
 L - a +0 troll leather armour
 Q - a +0 helmet (worn)
 X - +0 fire dragon scales
 Y - a +3 chain mail of fire resistance (worn)
Jewellery
 y - an amulet of magic regeneration (around neck)
 N - a ring of protection from cold
 S - a +4 ring of protection (right hand)
 U - a +6 ring of strength (left hand)
 V - a ring of protection from fire
Wands
 g - a wand of digging (23)
 h - a wand of charming (40)
 C - a wand of roots (5)
 G - a wand of mindburst (5)
 H - a wand of quicksilver (7)
 W - a wand of flame (14)
Scrolls
 a - a scroll of fear
 d - 2 scrolls of vulnerability {unknown}
 j - 3 scrolls of brand weapon
 k - 4 scrolls of revelation
 l - 6 scrolls of enchant weapon
 p - a scroll of butterflies {unknown}
 s - a scroll of blinking {unknown}
 t - 10 scrolls of teleportation
 B - a scroll of amnesia {unknown}
 D - 3 scrolls of enchant armour
 I - 2 scrolls of fog {unknown}
 K - a scroll of immolation {unknown}
 M - 4 scrolls of torment {unknown}
 P - a scroll of silence {unknown}
 R - a scroll of noise
 Z - 2 scrolls of acquirement
Potions
 b - 4 potions of magic
 c - a potion of haste
 e - 2 potions of mutation
 f - 8 potions of might
 m - a potion of ambrosia
 q - a potion of invisibility
 w - a potion of enlightenment
 z - 3 potions of brilliance
 E - a potion of berserk rage
 J - 2 potions of resistance
 O - 3 potions of curing


   Skills:
 + Level 11.8 Fighting
 * Level 10.5 Maces & Flails
 + Level 7.5 Armour
 - Level 4.0 Dodging
 - Level 4.0 Stealth
 + Level 10.2 Spellcasting
 + Level 8.8 Conjurations
 - Level 5.9 Hexes
 - Level 0.7 Transmutations
 - Level 17.0 Earth Magic
 + Level 3.2 Evocations


You had 9 spell levels left.
You knew the following spells:

 Your Spells              Type           Power      Damage    Failure   Level
a - Sandblast             Erth           100%       2d20      1%          1
b - Stone Arrow           Conj/Erth      100%       3d13      1%          3
c - Brom's Barrelling Bo  Conj/Erth      58%        2d7       1%          4
d - Magic Dart            Conj           100%       1d8       1%          1
e - Fulminant Prism       Conj/Hex       19%        3d10      5%          4
f - Lee's Rapid Deconstr  Erth           33%        3d17*     1%          5
g - Ozocubu's Refrigerat  Ice            5%         4d8       100%        7

Your spell library contained the following spells:

 Spells                   Type           Power      Damage    Failure   Level
 Passwall                 Tmut/Erth      37%        N/A       1%          2
 Searing Ray              Conj           90%        2d7       1%          2
 Dazzling Flash           Conj/Hex       78%        N/A       1%          3
 Mephitic Cloud           Conj/Pois/Air  22%        N/A       10%         3
 Petrify                  Tmut/Erth      45%        N/A       10%         4
 Volatile Blastmotes      Fire/Tloc      20%        2d11      28%         3
 Borgnjor's Vile Clutch   Necr/Erth      22%        N/A       32%         5
 Necrotise                Necr           40%        1d6       36%         1
 Lesser Beckoning         Tloc           20%        N/A       52%         2
 Freezing Cloud           Conj/Ice/Air   11%        6-21      58%         5
 Gell's Gravitas          Tloc           10%        N/A       75%         3
 Teleport Other           Tloc           10%        N/A       75%         3
 Vampiric Draining        Necr           10%        2d6       75%         3
 Conjure Ball Lightning   Conj/Air       14%        3x3d6     90%         6
 Starburst                Conj/Fire      14%        6d6       90%         6
 Animate Dead             Necr           10%        N/A       98%         4
 Agony                    Necr           10%        N/A       100%        5
 Death Channel            Necr           5%         N/A       100%        6
 Maxwell's Capacitive Co  Air            5%         ∞         100%        8
 Cigotuvi's Dreadful Rot  Necr/Pois/Air  Unusable   N/A       N/A         2

Dungeon Overview and Level Annotations

Branches:
Dungeon (12/15)            Temple (1/1) D:4            Lair (5/5) D:11
 Shoals (0/4) Lair:3       Spider (0/4) Lair:3        Slime (0/5) Lair:5
    Orc (0/2) D:9           Sewer (visited)         Volcano (visited)

Altars:
Ashenzari
Cheibriados
Dithmenos
Elyvilon
Fedhas
Gozag
Hepliaklqana
Kikubaaqudgha
Makhleb
Nemelex Xobeh
Okawaru
Qazlal
Ru
Sif Muna
Trog
Uskayaw
Vehumet
Wu Jian
Xom
Yredelemnul
Zin
The Shining One
Jiyva

Annotations:
D:9 4 transporters
D:11 Harold
D:12 3 runed translucent doors, cforsyth's ghost, journeyman DjDe


Innate Abilities, Weirdness & Mutations

You are immune to sickness and miasma.
Your stone body is resilient. (AC +11)
You are immune to poison.
Your large and strong wings let you fly.
You resist negative energy. (rN+)
You are resistant to electric shocks. (rElec)
You are resistant to unholy torment.
You are immune to petrification.


Message History

Casting: Stone Arrow (safe; 1% risk of failure)
Confirm with . or Enter, or press ? or * to list all spells.
Aiming: Stone Arrow (safe; 1% risk of failure)
Press: ? - help, Shift-Dir - straight line, f/p - ice dragon
Aim: an ice dragon (lightly wounded, 84% to hit)
The stone arrow hits the ice dragon!!
The ice dragon is moderately wounded.
The ice dragon breathes frost at you. The blast of cold hits you!!!
Casting: Stone Arrow (safe; 1% risk of failure)
Confirm with . or Enter, or press ? or * to list all spells.
Aiming: Stone Arrow (safe; 1% risk of failure)
Press: ? - help, Shift-Dir - straight line, f/p - ice dragon
Aim: an ice dragon (moderately wounded, catching its breath, 84% to hit)
The stone arrow hits the ice dragon!!
The ice dragon is heavily wounded.
The ice dragon bites you but does no damage.
The ice dragon claws you! The ice dragon closely misses you.
Casting: Stone Arrow (safe; 1% risk of failure)
Confirm with . or Enter, or press ? or * to list all spells.
Aiming: Stone Arrow (safe; 1% risk of failure)
Press: ? - help, Shift-Dir - straight line, f/p - ice dragon
Aim: an ice dragon (heavily wounded, 84% to hit)
The stone arrow hits the ice dragon!
The ice dragon is heavily wounded.
The ice dragon breathes frost at you. The blast of cold hits you!!
* * * LOW HITPOINT WARNING * * *
Casting: Stone Arrow (safe; 1% risk of failure)
Confirm with . or Enter, or press ? or * to list all spells.
Aiming: Stone Arrow (safe; 1% risk of failure)
Press: ? - help, Shift-Dir - straight line, f/p - ice dragon
Aim: an ice dragon (heavily wounded, catching its breath, 84% to hit)
The stone arrow hits the ice dragon!!
The ice dragon is almost dead.
The ice dragon bites you.
* * * LOW HITPOINT WARNING * * *
The ice dragon claws you but does no damage.
The ice dragon tramples you.
You die...

######## ##
#.##.P.###
.######.......###
..##.....#.#....#
..#.....#####...###
#.....##.# ###...#
....###### ##.8@##
...#.# ##...#D#
..#### #†.####$$
.## ##..# $.$# ..##
##..## $$$# ...##
#...# $$$# #..P###
#..##### $##
....P.# ##.P#..##
##### (....##
##...#.#####P.##


You could see an ice dragon (catching breath).

Vanquished Creatures
  A sphinx (D:11)
  Kirke (Lair:3)
  A dire elephant (Lair:4)
  2 fire dragons
  Josephine (D:10)
  7 hydras
  A boulder beetle (Lair:4)
  An anaconda (Lair:4)
  Erica (Lair:2)
  An alligator (Lair:4)
  A catoblepas (Lair:5)
  3 death yaks (Lair:4)
  A hell hog (Volcano)
  A deep troll earth mage (D:11)
  A deep troll (D:11)
  A swamp dragon (Lair:5)
  2 lindwurms
  2 deep elf pyromancers (D:12)
  3 oklob plants
  4 cyclopes (D:11)
  2 wolf spiders (Lair:3)
  3 manticores
  9 black mambas
  7 torpor snails
  An ice statue (Lair:3)
  12 cane toads
  2 kobold demonologists
  6 rime drakes
  8 komodo dragons
  An ice devil (Lair:3)
  3 trolls
  9 polar bears
  7 hornets (Lair:5)
  4 tyrant leeches (Lair:5)
  29 blink frogs
  Sigmund (D:2)
  2 culicivoras (Lair:3)
  2 shadows
  5 wraiths (D:10)
  4 hogs (Lair:3)
  11 fire bats (Volcano)
  66 yaks
  2 wyverns (Lair:4)
  6 basilisks
  The ghost of osoart the Insei, an amateur GnSh of Vehumet (D:5)
  2 vampire mosquitoes (D:11)
  2 steam dragons
  A redback (Lair:3)
  3 acid dragons
  15 water moccasins
  2 hell hounds (Volcano)
  2 swamp drakes (Lair:5)
  13 ice beasts
  3 black bears
  An orc warrior (D:10)
  A boggart (D:11)
  22 wolves
  2 ogres (D:4)
  6 centaurs
  2 phantoms
  16 bullfrogs
  3 gnoll sergeants
  4 scorpions
  5 wights (D:9)
  21 killer bees
  6 howler monkeys
  An electric eel (Lair:4)
  9 jellies
  5 lava snakes (Volcano)
  6 hounds
  A wyvern simulacrum (D:8)
  10 orc priests
  2 gnoll boudas
  Jessica (D:3)
  Terence (D:2)
  3 sleepcaps
  Natasha (thrice) (D:2)
  10 iguanas
  8 orc wizards
  A hell rat (Lair:4)
  A centaur simulacrum (D:8)
  13 gnolls
  8 adders
  2 shadow imps
  9 white imps
  2 howler monkey simulacra (D:8)
  4 ufetubi
  A worm (D:5)
  4 dart slugs
  49 orcs
  26 endoplasms
  A giant cockroach (D:1)
  10 goblins
  6 hobgoblins
  2 jackals (Sewer)
  4 kobolds
  3 quokkas
  9 ball pythons
  6 bats
  5 frilled lizards
  4 rats
601 creatures vanquished.

Vanquished Creatures (others)
  A hell hound (Volcano)
  3 fulminant prisms
4 creatures vanquished.

Grand Total: 605 creatures vanquished

Notes
Turn   | Place    | Note
-------+----------+-------------------------------------------
     0 | D:1      | LustLizard the Gargoyle Earth Elementalist began the quest
                  | for the Orb.
     0 | D:1      | Reached XP level 1. HP: 10/10 MP: 3/3
   263 | D:1      | Reached XP level 2. HP: 16/16 MP: 5/5
   291 | D:1      | Reached skill level 4 in Earth Magic
   503 | D:1      | Reached XP level 3. HP: 16/20 MP: 2/6
   664 | D:1      | Reached skill level 1 in Fighting
   927 | D:2      | Noticed Natasha
  1094 | D:2      | Noticed Sigmund
  1362 | D:2      | Killed Natasha
  1363 | D:2      | Reached skill level 1 in Maces & Flails
  1363 | D:2      | Reached XP level 4. HP: 22/25 MP: 4/7
  1621 | D:2      | Noticed Terence
  1631 | D:2      | Learned a level 3 spell: Stone Arrow
  1799 | D:2      | Noticed Natasha
  1893 | D:2      | Found a faded altar of an unknown god.
  2083 | D:2      | Killed Natasha
  2188 | D:2      | Noticed Natasha
  2193 | D:2      | Killed Natasha
  2194 | D:2      | Reached skill level 1 in Conjurations
  2194 | D:2      | Reached XP level 5. HP: 29/29 MP: 5/8
  2493 | D:3      | Found Risi's Jewellery Emporium.
  2561 | D:3      | Noticed Jessica
  2562 | D:3      | Killed Jessica
  2563 | D:3      | Reached skill level 5 in Earth Magic
  3076 | D:3      | Found a sparkling altar of Nemelex Xobeh.
  3281 | D:4      | Noticed an ogre
  3310 | D:4      | Killed an ogre
  3311 | D:4      | Reached XP level 6. HP: 35/35 MP: 6/10
  3551 | D:4      | Identified the +1 leather armour "Juuhy" {+Inv rElec rF-
                  | Str+2}
  3661 | D:4      | Found a staircase to the Ecumenical Temple.
  3676 | Temple   | Entered the Ecumenical Temple
  3685 | Temple   | Became a worshipper of Vehumet
  4030 | D:4      | Reached XP level 7. HP: 40/40 MP: 7/11
  4042 | D:4      | Reached skill level 6 in Earth Magic
  4797 | D:2      | Killed Terence
  4962 | D:2      | Killed Sigmund
  5147 | D:5      | Entered Level 5 of the Dungeon
  5201 | D:5      | Reached XP level 8. HP: 46/46 MP: 3/13
  5314 | D:5      | Learned a level 4 spell: Brom's Barrelling Boulder
  5434 | D:5      | Reached skill level 7 in Earth Magic
  5570 | D:5      | Learned a level 1 spell: Magic Dart
  5759 | D:5      | Found a shimmering blue altar of Sif Muna.
  5942 | D:5      | Reached skill level 5 in Conjurations
  6286 | D:5      | Found a runed translucent gate.
  6286 | D:5      | Found a runed translucent gate.
  6287 | D:5      | Found a runed translucent gate.
  6380 | D:5      | Noticed osoart's ghost (amateur GnSh)
  6740 | D:5      | Killed osoart's ghost
  6741 | D:5      | Reached skill level 8 in Earth Magic
  6786 | D:5      | Learned a level 4 spell: Fulminant Prism
  6870 | D:6      | Reached XP level 9. HP: 48/52 MP: 9/15
  6877 | D:6      | Reached skill level 1 in Hexes
  6897 | D:6      | Reached * piety under Vehumet
  6897 | D:6      | Offered knowledge of Freeze by Vehumet.
  6939 | D:6      | Found a glowing drain.
  7031 | Sewer    | Entered a sewer
  7338 | D:6      | Reached skill level 5 in Fighting
  7340 | D:6      | Identified the +10 mace "Qysar" {freeze, Will+}
  7618 | D:7      | Found a blossoming altar of Fedhas.
  7650 | D:7      | Reached skill level 9 in Earth Magic
  7668 | D:7      | Offered knowledge of Shock by Vehumet.
  7757 | D:7      | Found a bloodstained altar of Trog.
  7838 | D:7      | Reached ** piety under Vehumet
  8205 | D:8      | Noticed a polar bear
  8217 | D:8      | Reached skill level 5 in Spellcasting
  8228 | D:8      | Killed a polar bear
  8320 | D:8      | Noticed a polar bear
  8329 | D:8      | Killed a polar bear
  8363 | D:8      | Reached XP level 10. HP: 60/60 MP: 11/17
  8422 | D:8      | HP: 1/60 [polar bear (3)]
  8426 | D:8      | Reached skill level 10 in Earth Magic
  9090 | D:8      | Offered knowledge of Hailstorm by Vehumet.
  9506 | D:9      | Reached *** piety under Vehumet
  9580 | D:9      | Found a staircase to the Orcish Mines.
  9669 | D:9      | Found a glowing silver altar of Zin.
 10108 | D:9      | Reached skill level 5 in Hexes
 10198 | D:9      | Offered knowledge of Frozen Ramparts by Vehumet.
 10392 | D:9      | Reached skill level 11 in Earth Magic
 10626 | D:9      | Found a white marble altar of Elyvilon.
 10649 | D:9      | Reached XP level 11. HP: 63/66 MP: 17/19
 10674 | D:9      | Found a transporter.
 10676 | D:9      | Found a transporter.
 10680 | D:9      | Found a transporter.
 10811 | D:9      | Reached **** piety under Vehumet
 10933 | D:9      | Found a transporter.
 11091 | D:10     | Entered Level 10 of the Dungeon
 11116 | D:10     | Offered knowledge of Freezing Cloud by Vehumet.
 11504 | D:10     | Found a burning altar of Makhleb.
 11510 | D:10     | Found a basalt altar of Yredelemnul.
 11672 | D:10     | Reached skill level 12 in Earth Magic
 11729 | D:10     | Noticed Josephine
 11810 | D:10     | Killed Josephine
 11811 | D:10     | Reached skill level 5 in Maces & Flails
 12165 | D:11     | Noticed a cyclops
 12168 | D:11     | Killed a cyclops
 12387 | D:11     | Noticed Harold
 12438 | D:11     | Noticed a cyclops
 12447 | D:11     | Killed a cyclops
 12566 | D:11     | Noticed a deep troll earth mage
 12566 | D:11     | Noticed a sphinx
 12567 | D:11     | Noticed a deep troll
 12578 | D:11     | Killed a sphinx
 12579 | D:11     | Reached skill level 13 in Earth Magic
 12579 | D:11     | Reached XP level 12. HP: 49/73 MP: 3/22
 12600 | D:11     | Reached ***** piety under Vehumet
 12622 | D:11     | Offered knowledge of Iskenderun's Battlesphere by Vehumet.
 12740 | D:11     | Found a staircase to the Lair.
 13128 | D:11     | Killed a deep troll earth mage
 13787 | D:12     | Identified the +0 plate armour of Gehenna {Dex+3}
 13790 | D:12     | Found a runed translucent gate.
 13790 | D:12     | Found a runed translucent gate.
 13790 | D:12     | Found a runed translucent gate.
 13800 | D:12     | Reached skill level 14 in Earth Magic
 13819 | D:12     | Noticed cforsyth's ghost (journeyman DjDe)
 13820 | D:12     | Identified the quicksilver dragon scales of Jijutrib {rPois
                  | rF+ Will+}
 14101 | Lair:1   | Entered Level 1 of the Lair of Beasts
 14326 | Lair:1   | Reached skill level 1 in Armour
 14840 | Lair:1   | Got a conspicuous book
 15049 | Lair:1   | Reached XP level 13. HP: 80/80 MP: 22/25
 15390 | Lair:2   | Found a dark tunnel.
 15495 | Lair:2   | Noticed Erica
 15503 | Lair:2   | Killed Erica
 15504 | Lair:2   | Reached skill level 15 in Earth Magic
 15612 | Volcano  | Entered a volcano
 15734 | Volcano  | Noticed a fire dragon
 15745 | Volcano  | Killed a fire dragon
 15753 | Volcano  | HP: 2/82 [hell hog/fireball (3)]
 16015 | Volcano  | Found a burning altar of Makhleb.
 16063 | Volcano  | Found a bloodstained altar of Trog.
 16352 | Lair:2   | Reached skill level 10 in Fighting
 16917 | Lair:3   | Offered knowledge of Lee's Rapid Deconstruction by Vehumet.
 16933 | Lair:3   | Learned a level 5 spell: Lee's Rapid Deconstruction
 17188 | Lair:3   | Found a staircase to the Shoals.
 17226 | Lair:3   | Noticed Kirke
 17248 | Lair:3   | Killed Kirke
 17335 | Lair:3   | Found a hole to the Spider Nest.
 17345 | Lair:3   | Reached skill level 16 in Earth Magic
 17349 | Lair:3   | Reached skill level 5 in Armour
 17571 | Lair:3   | Gained mutation: Your large and strong wings let you fly.
                  | [Gargoyle growth]
 17571 | Lair:3   | Reached XP level 14. HP: 76/88 MP: 10/27
 18589 | Lair:4   | Offered knowledge of Eringya's Noxious Bog by Vehumet.
 18654 | Lair:4   | Identified a scroll of acquirement
 19053 | Lair:4   | Noticed a dire elephant
 19570 | Lair:4   | Killed a dire elephant
 19571 | Lair:4   | Reached skill level 17 in Earth Magic
 19852 | Lair:5   | Entered Level 5 of the Lair of Beasts
 20189 | Lair:4   | Reached skill level 1 in Evocations
 20742 | Lair:5   | Offered knowledge of Ozocubu's Refrigeration by Vehumet.
 20762 | Lair:5   | Learned a level 7 spell: Ozocubu's Refrigeration
 20969 | Lair:5   | Reached XP level 15. HP: 64/95 MP: 9/28
 20983 | Lair:5   | Reached skill level 10 in Maces & Flails
 21247 | Lair:5   | Reached skill level 10 in Spellcasting
 21323 | Lair:5   | Found a viscous altar of Jiyva.
 21323 | Lair:5   | Found a staircase to the Slime Pits.
 21442 | Lair:5   | Found a runed translucent door.
 22067 | Lair:5   | Identified the +5 battleaxe "Hosigex" {spect, rF+ SInv}
 22318 | Lair:5   | Identified the +5 shortbow of Sharkskin {freeze, Fly rElec
                  | rPois rC+ Int-3}
 22360 | Lair:5   | HP: 4/96 [ice dragon (4)]
 22360 | Lair:5   | Slain by an ice dragon

Illustrated notes

Levels and vault maps discovered:
D:1:      dpeg_arrival_another_circle, layout_basic, minmay_misc_feat_columns,
          hangedman_glass_teeth, nrook_mini_vaults
D:2:      layout_basic, hellmonk_ecumenical_altar_inner_sanctum,
          kennysheep_generic_room_16, uniq_terence, uniq_sigmund, uniq_natasha
D:3:      layout_loops_ring, nicolae_overflow_crystal_walls, serial_shops,
          nicolae_shop_behind_doors, uniq_jessica
D:4:      layout_basic, minmay_temple_entry_butterflies, grunt_tough_drop
D:5:      layout_layer_cave, nicolae_sif_muna_condensation,
          ebering_ghost_rock_garden
D:6:      layout_cave_pools, portal_sewer_entry_d, minmay_quadrilaterals
D:7:      layout_cave_pools, trog_three_pillars_becter, fedhas_ov_isle_minmay,
          minmay_misc_feat_ornament
D:8:      layout_loops_corners, serial_ice, serial_ice_m, serial_ice_a,
          serial_ice_k, serial_ice_b, serial_ice_g, serial_ice_d, serial_ice_o,
          serial_ice_n, serial_ice_f, serial_ice_h
D:9:      layout_cave_pods, zin_scriptorium, elyvilon_altar_3,
          hiddenorc2_lemuel, roderic_roman_lattice, nicolae_transporter_circle
D:10:     layout_basic, grunt_temple_overflow_open, uniq_josephine
D:11:     minmay_glassy_protrusions, layout_basic, lair_entry_dummy,
          minmay_misc_feat_rows, uniq_sonja, uniq_harold
D:12:     layout_rooms, biasface_ghost_orc_armoury, moated_statue
Temple:   eino_temple_lava
Lair:1:   layout_cave_pods, infiniplex_staircase_pool_2
Lair:2:   layout_chaotic_city, enter_volcano_4, grunt_megastairs_2, uniq_erica
Lair:3:   layout_chaotic_city, shoals_dummy_entry, spider_nest_entry_funnel_web,
          ice2_lemuel, uniq_kirke
Lair:4:   lemuel_slime, layout_regular_city, serial_bayou_pond_c,
          minmay_stone_trees_small, minivault_24, minivault_19,
          nicolae_lair_lakeside_cave
Lair:5:   guppyfry_lair_end_dragon, layout_cave_shapes, wormcave,
          minmay_slime_entry_oklob_open, st_stairs_5,
          grunt_forest_small_clearing_treed

Skill      XL: |  1  2  3  4  5  6  7  8  9 10 11 12 13 14 15 |
---------------+----------------------------------------------+-----
Earth Magic    | 4 5 6 8 9 11 13 14 16 17 | 17.0
Fighting       | 1 2 3 4 5 6 8 9 10 11 | 11.8
Maces & Flails | 1 2 3 5 7 8 9 10 | 10.5
Stealth        | 3 4 |  4.0
Conjurations   | 1 2 4 6 7 8 |  8.8
Spellcasting   | 3 4 5 7 8 9 10 | 10.2
Hexes          | 3 5 |  5.9
Armour         | 2 5 6 7 |  7.5
Dodging        | 2 4 |  4.0
Evocations     | 2 3 |  3.2
Transmutations | |  0.7

Action                     |  1- 3 |  4- 6 |  7- 9 | 10-12 | 13-15 || total
---------------------------+-------+-------+-------+-------+-------++-------
  Melee: Mace              |    18 |    34 |    26 |    61 |   224 ||   363
         Punch             |       |       |       |     1 |     1 ||     2
   Cast: Sandblast         |    34 |    70 |    41 |    91 |    53 ||   289
         Stone Arrow       |       |       |   111 |   302 |   548 ||   961
         Magic Dart        |       |       |     2 |       |       ||     2
         Fulminant Prism   |       |       |       |     3 |       ||     3
         Lee's Rapid Decon |       |       |       |       |    13 ||    13
    Use: Scroll            |     1 |     1 |     9 |     6 |     9 ||    26
         Potion            |       |       |       |     2 |     1 ||     3
 Armour: Robe              |    21 |     8 |       |       |       ||    29
         Leather armour    |       |    17 |    50 |   248 |    83 ||   398
         Chain mail        |       |       |       |       |   599 ||   599
  Dodge: Dodged            |    16 |    34 |    43 |   163 |   304 ||   560

Table legend: (Time is in decaauts)
 A = Elapsed time spent in this place.
 B = Non-inter-level travel time spent in this place.
 C = Inter-level travel time spent in this place.
 D = Time resting spent in this place.
 E = Time spent auto-exploring this place.
 F = Levels seen in this place.
 G = Mean time per level.
                   A        B        C        D        E       F      G
               +--------+--------+--------+--------+--------+-----+--------+
         Total |  22571 |  21414 |   1157 |   1169 |  15373 |  20 | 1128.6 |
       Dungeon |  14132 |  13216 |    916 |    406 |  10082 |  12 | 1177.7 |
        Temple |     18 |      2 |     16 |      0 |      0 |   1 |   18.0 |
          Lair |   7767 |   7543 |    224 |    548 |   5178 |   5 | 1553.4 |
         Sewer |    130 |    130 |      0 |      0 |     97 |   1 |  130.0 |
       Volcano |    522 |    522 |      0 |    215 |     15 |   1 |  522.0 |
               +--------+--------+--------+--------+--------+-----+--------+

Top non-repeatable levels by time:
  Lair:4: 2295 daAuts
  Lair:5: 1942 daAuts
     D:2: 1851 daAuts
     D:5: 1644 daAuts
     D:4: 1593 daAuts
     D:8: 1577 daAuts
     D:9: 1399 daAuts
  Lair:3: 1253 daAuts
  Lair:1: 1253 daAuts
    D:11: 1202 daAuts
    D:10: 1053 daAuts
  Lair:2: 1022 daAuts
     D:1: 883 daAuts
     D:3: 880 daAuts
    D:12: 757 daAuts
